 Dungeon Crawl Stone Soup version 0.17.1-3-g152610e (webtiles) character file.

709 FrancescoMac the Cudgeler (level 7, 0/71 HPs)
             Began as a Troll Chaos Knight on Mar 1, 2016.
             Succumbed to a gnoll's poison
             ... on level 5 of the Dungeon.
             The game lasted 00:14:06 (3469 turns).

FrancescoMac the Cudgeler (Troll Chaos Knight)      Turns: 3469, Time: 00:14:06

Health: 0/71       AC: 13    Str: 23    XL:     7   Next: 40%
Magic:  6/6        EV: 11    Int:  8    God:    Xom [...*..]
Gold:   187        SH:  0    Dex:  9    Spells: 0 memorised, 6 levels left

rFire  . . .     SeeInvis .     (no weapon)
rCold  . . .     Clarity  .     b - +2 robe
rNeg   . . .     SustAt   .     (no shield)
rPois  .         Gourm    +     (helmet restricted)
rElec  .         Spirit   .     (no cloak)
rCorr  .         Warding  .     (gloves unavailable)
rMut   .         Stasis   .     (boots unavailable)
MR     .....                    (no amulet)
Stlth  +.........               B - +2 ring of protection
                                h - +4 ring of protection

@: lethally poisoned (0 -> -21), not resistant to hostile enchantments, very
unstealthy
A: unfitting armour, claws 3, talons 1, fast metabolism 3, gourmand,
regeneration 2, shaggy fur 1, tough skin 2
a: Renounce Religion


You were on level 5 of the Dungeon.
You worshipped Xom.
You were a favourite toy of Xom.
You were very full.

You visited 1 branch of the dungeon, and saw 5 of its levels.
You also visited: Sewer.

You collected 187 gold pieces.

Inventory:

Hand Weapons
 a - a +0 mace of chaos
 y - a +0 blowgun
Missiles
 z - 18 poisoned needles
Armour
 b - a +2 robe (worn)
Magical Staves
 d - an uncursed staff of cold
Jewellery
 f - an uncursed ring of stealth
 h - a +4 ring of protection (left claw)
 B - a +2 ring of protection (right claw)
Wands
 o - a wand of flame (48)
 A - a wand of draining (9)
 C - a wand of paralysis (10)
 F - a wand of draining (6)
Scrolls
 i - a scroll of recharging
 j - a scroll of remove curse
 p - a scroll of blinking {unknown}
 s - a scroll of fog
 t - 3 scrolls of magic mapping
 D - a scroll of random uselessness {unknown}
 E - a scroll of noise {unknown}
Potions
 e - a potion of flight
 l - a potion of lignification {unknown}
 n - a potion of curing
 q - a potion of might
 u - a potion of haste
 v - a potion of magic {unknown}
 w - a potion of brilliance
Comestibles
 c - 4 bread rations
 g - 2 slices of pizza
 k - a beef jerky
 m - 4 meat rations


   Skills:
 + Level 4.4 Fighting
 + Level 5.0 Maces & Flails
 + Level 4.5 Dodging


You had 6 spell levels left.
You didn't know any spells.

Dungeon Overview and Level Annotations

Branches:
Dungeon (5/15)
 Temple: D:4-7

Altars:
Elyvilon
Xom

Shops:
D:4 !


Innate Abilities, Weirdness & Mutations

You are too large for most types of armour.
You have claws for hands.
Your metabolism is lightning-fast.
You like to eat raw meat.
You heal very quickly.
You are covered in fur (AC +1).
You have very tough skin (AC +2).
You have sharp toenails.


Message History

The gnoll misses you. The gnoll closely misses you.
You completely miss the gnoll.
The gnoll is heavily wounded.
* * * LOW HITPOINT WARNING * * *
You feel very sick.
The gnoll hits you but does no damage. x2
You scratch the gnoll. You claw the gnoll, but do no damage.
The gnoll is almost dead.
* * * LOW HITPOINT WARNING * * *
You feel very sick. The gnoll misses you.
The gnoll hits you from afar with a spear of venom.
* * * LOW HITPOINT WARNING * * *
Xom is mildly amused.
Read which item? (? for menu, Esc to quit)
As you read the scroll of fear, it crumbles to dust.
You assume a fearsome visage.
The gnoll looks frightened!
The gnoll looks frightened!
You die...
Xom howls with laughter!

#.......# ...
#......(# ..
#.......# l
#.......#
#.......#
#.......#
#..##..########
#+###..#...#..###
#...#.}gg@...#
#...#...#....#
#...#####....#
#............#
#............#
#............#
#..#.##.##..##
####.##'#####
#..[...#


You could see 2 gnolls.

Vanquished Creatures
  The ghost of KrozogBurug the Ogre Mage, an amateur OgWz (D:3)
  An ogre (D:4)
  2 giant frogs (Sewer)
  2 crimson imps (D:5)
  3 hounds
  Jessica (D:3)
  A worker ant (D:4)
  A hound skeleton (D:4)
  7 adders
  A shadow imp (D:5)
  A river rat (Sewer)
  An ooze (Sewer)
  An adder skeleton (D:3)
  A worm (D:3)
  4 giant geckos
  5 orcs (D:3)
  7 bats
  3 giant cockroaches
  7 hobgoblins
  A jackal (shapeshifter) (Sewer)
  11 jackals
  8 kobolds
  13 ball pythons
  8 giant newts
  7 goblins
  32 rats
130 creatures vanquished.

Vanquished Creatures (collateral kills)
  A giant gecko skeleton (D:4)
1 creature vanquished.

Vanquished Creatures (others)
  A giant cockroach (D:2)
1 creature vanquished.

Grand Total: 132 creatures vanquished

Notes
Turn   | Place    | Note
--------------------------------------------------------------
     0 | D:1      | FrancescoMac the Troll Chaos Knight began the quest for the Orb.
     0 | D:1      | Reached XP level 1. HP: 22/22 MP: 0/0
    64 | D:1      | XOM: silly message
    83 | D:1      | Reached skill level 3 in Maces & Flails
    89 | D:1      | XOM: silly message
   178 | D:1      | Reached XP level 2. HP: 29/29 MP: 1/1
   374 | D:1      | XOM: mild Air miscast
   483 | D:2      | Found a shimmering altar of Xom.
   716 | D:2      | Found a white marble altar of Elyvilon.
   810 | D:2      | Reached XP level 3. HP: 36/36 MP: 2/2
  1007 | D:2      | XOM: harmless Hex miscast
  1171 | D:2      | XOM: colour smoke trail
  1220 | D:2      | XOM: harmless Tloc miscast
  1233 | D:2      | XOM: noise
  1410 | D:3      | Found a glowing drain.
  1439 | D:3      | Reached XP level 4. HP: 33/44 MP: 3/3
  1455 | Sewer    | Entered a sewer
  1779 | Sewer    | Gained mutation: You have sharp toenails. [mutagenic meat]
  1864 | Sewer    | Reached XP level 5. HP: 32/53 MP: 4/4
  1881 | Sewer    | Noticed a giant frog
  1881 | Sewer    | Noticed a giant frog
  1889 | Sewer    | Killed a giant frog
  1889 | Sewer    | Reached skill level 4 in Maces & Flails
  1895 | Sewer    | Killed a giant frog
  1895 | Sewer    | Reached XP level 6. HP: 10/61 MP: 5/5
  1896 | Sewer    | XOM: scenery: 1 doors open
  1962 | Sewer    | XOM: harmless Hex miscast
  2038 | D:3      | XOM: blink monster(s)
  2088 | D:3      | Found a faded altar to an unknown god.
  2199 | D:3      | Noticed KrozogBurug's ghost (amateur OgWz)
  2228 | D:3      | Killed KrozogBurug's ghost
  2264 | D:3      | Noticed Jessica
  2287 | D:3      | Killed Jessica
  2677 | D:4      | XOM: cast spell 'Summon Small Mammal'
  2681 | D:4      | Reached XP level 7. HP: 47/70 MP: 6/6
  2910 | D:4      | Found Yteli's Distillery.
  3289 | D:5      | Entered Level 5 of the Dungeon
  3393 | D:5      | Reached skill level 5 in Maces & Flails
  3400 | D:5      | XOM: enchant monster (good)
  3457 | D:5      | XOM: divination: detect creatures
  3468 | D:5      | HP: 2/71 [gnoll/spear of venom (3)]
  3469 | D:5      | Succumbed to a gnoll's poison

Action                   |  1- 3 |  4- 6 |  7- 9 || total
-------------------------+-------+-------+-------++-------
Melee: Mace              |   126 |   200 |       ||   326
       Unarmed           |       |     8 |   117 ||   125
  Use: Potion            |     1 |     4 |     1 ||     6
       Scroll            |       |     7 |     1 ||     8
 Stab: Sleeping          |     3 |     6 |       ||     9
       Paralysed         |     1 |       |       ||     1
       Petrifying        |       |     1 |       ||     1
       Confused          |       |     1 |       ||     1
  Eat: Chunk             |    19 |    14 |     6 ||    39
